 Dungeon Crawl Stone Soup version 0.29-a0-1023-g6ae1a4a2c7 (webtiles) character file.

Game seed: 15515355070445031025

23 RBrandon the Ducker (level 2, -1/19 HPs)
             Began as a Vampire Wanderer on Aug 12, 2022.
             Killed from afar by Sigmund (12 damage)
             ... with a puff of flame
             ... on level 2 of the Dungeon.
             The game lasted 00:01:50 (714 turns).

RBrandon the Ducker (Vampire Wanderer)               Turns: 714, Time: 00:01:51

Health: -1/19      AC:  5    Str:  8    XL:     2   Next: 72%
Magic:  6/6        EV: 12    Int: 15    God:
Gold:   23         SH:  0    Dex: 15    Spells: 6/7 levels left

rFire   . . .      SeeInvis +   a - +0 dagger
rCold   . . .      Faith    .   (no shield)
rNeg    . . .      Spirit   .   d - +2 leather armour
rPois   .          Reflect  .   (no helmet)
rElec   .          Harm     .   (no cloak)
rCorr   .          Rampage  .   (no gloves)
Will    .....                   (no boots)
Stlth   ..........              (no amulet)
HPRegen 0.26/turn               (no ring)
MPRegen 0.10/turn               (no ring)

@: silenced, on berserk cooldown, healing quickly, slowed, very slow
A: alive, fangs 3, see invisible, vampiric 1
a: Exsanguinate


You were on level 2 of the Dungeon.
You visited 1 branch of the dungeon, and saw 2 of its levels.

You collected 23 gold pieces.

Inventory:

Hand Weapons
 a - a +0 dagger (weapon)
Armour
 d - a +2 leather armour (worn)
Scrolls
 f - a scroll of butterflies
 g - a scroll of identify {unknown}
Potions
 b - a potion of lignification
 h - a potion of flight {unknown}
 i - a potion of curing {unknown}
 j - 2 potions of cancellation {unknown}


   Skills:
 - Level 1.5 Armour
 - Level 3.2 Dodging
 + Level 3.1 Spellcasting
 - Level 3.0 Ice Magic


You had 6 spell levels left.
You knew the following spells:

 Your Spells              Type           Power      Damage    Failure   Level
a - Freeze                Ice            44%        1d6       9%          1

Your spell library contained the following spells:

 Spells                   Type           Power      Damage    Failure   Level
 Frozen Ramparts          Ice            22%        1d4       24%         3


Dungeon Overview and Level Annotations

Branches:
Dungeon (1/15)

Altars:

Annotations:
D:2 Sigmund


Innate Abilities, Weirdness & Mutations

Your natural rate of healing is accelerated.
You have razor-sharp teeth.
You have supernaturally acute eyesight. (SInv)
You are afflicted with vampirism.


Message History

You feel less confused. The frilled lizard barely misses you.
Sigmund looks at you with fury.
Sigmund hits you from afar with a +0 scythe!
* * * LOW HITPOINT WARNING * * *
The frilled lizard hisses.
The frilled lizard barely misses you.
The frilled lizard attacks as you move away!
The frilled lizard barely misses you.
Okay, then.
The frilled lizard closely misses you.
Okay, then.
As you read the scroll labelled TEMELO YFOAN, it crumbles to dust.
You hear the tinkle of a tiny bell.
It was a scroll of butterflies.
Something misses your butterfly.
The frilled lizard barely misses you. x2
You swap places.
The frilled lizard bites your butterfly.
Your butterfly dies!
Your butterfly disappears in a burst of colours!
You swap places.
The frilled lizard closely misses your butterfly.
The frilled lizard barely misses your butterfly.
Something closely misses your butterfly.
As you read the scroll labelled YNOULE CALAYGH, it crumbles to dust.
A profound silence engulfs you.
It was a scroll of silence.
The frilled lizard bites your butterfly.
Your butterfly dies!
Your butterfly disappears in a burst of colours!
Something closely misses your butterfly.
Something misses your butterfly.
The frilled lizard attacks as you move away!
The frilled lizard bites you.
* * * LOW HITPOINT WARNING * * *
The frilled lizard closely misses you.
The frilled lizard attacks as you move away!
The frilled lizard barely misses you. Sigmund gestures at you while chanting.
The puff of flame hits you!
Ouch! That really hurt!
You die...

### ..# ########.#
#. ....#.# #
###.###..#.#.#
........#.#.#####
#.###..###..........
###.#......b.b@#
...#.#...b....#
#...........#l#
#..#.#.#@##.#b#
#..#.....####b#
#..###.#.b....#
#..###.#.######
#.......b.....
#.####.#.#####


You could see Sigmund and a frilled lizard (ally target).

Vanquished Creatures
  3 dart slugs (D:1)
  A ball python (D:1)
  2 bats (D:1)
  An endoplasm (D:1)
  2 goblins (D:1)
  3 hobgoblins (D:1)
  A kobold (D:1)
  A frilled lizard (D:1)
14 creatures vanquished.

Notes
Turn   | Place    | Note
-------+----------+-------------------------------------------
     0 | D:1      | RBrandon the Vampire Wanderer began the quest for the Orb.
     0 | D:1      | RBrandon set off with the following items: a +0 dagger, a
                  | potion of lignification, a potion of berserk rage, a +2
                  | leather armour; and the following spell memorised: Freeze;
                  | and the following spells available to memorise: Frozen
                  | Ramparts.
     0 | D:1      | Reached XP level 1. HP: 13/13 MP: 3/3
   219 | D:1      | Reached XP level 2. HP: 18/19 MP: 5/5
   675 | D:1      | You fall into a shaft and drop 1 floor!
   690 | D:2      | Noticed Sigmund
   714 | D:2      | Killed from afar by Sigmund

Illustrated notes

Levels and vault maps discovered:
D:1:      lemuel_arrival_room, layout_basic, chequers_serial_rivers_small_3,
          minivault_11
D:2:      layout_basic, basic_altar, dilly_ecumenical_altar_fadedgnrine,
          lemuel_flame_loot_1, uniq_sigmund

Skill      XL: |  1  2 |
---------------+-------+-----
Spellcasting   | 3 |  3.1
Armour         | |  1.5
Dodging        | |  3.2
Ice Magic      | |  3.0

Action                   || total
-------------------------++-------
Melee: Dagger            ||    27
       Bite              ||     6
 Cast: Freeze            ||    10
  Use: Scroll            ||     2
       Potion            ||     1
Armor: Leather armour    ||     9
Dodge: Dodged            ||    34

Table legend: (Time is in decaauts)
 A = Elapsed time spent in this place.
 B = Non-inter-level travel time spent in this place.
 C = Inter-level travel time spent in this place.
 D = Time resting spent in this place.
 E = Time spent auto-exploring this place.
 F = Levels seen in this place.
 G = Mean time per level.
                   A        B        C        D        E       F      G
               +--------+--------+--------+--------+--------+-----+--------+
         Total |    718 |    718 |      0 |     52 |    510 |   2 |  359.0 |
       Dungeon |    718 |    718 |      0 |     52 |    510 |   2 |  359.0 |
               +--------+--------+--------+--------+--------+-----+--------+

Top non-repeatable levels by time:
     D:1: 675 daAuts
     D:2: 43 daAuts

Table legend:
 A = Kills in this place as a percentage of kills in entire the game.
 B = Kills by you in this place as a percentage of kills by you in the entire game.
 C = Kills by friends in this place as a percentage of kills by friends in the entire game.
 D = Other kills in this place as a percentage of other kills in the entire game.
 E = Experience gained in this place as a percentage of experience gained in the entire game.
 F = Experience gained in this place divided by the number of levels of this place that you have seen.
                   A       B       C       D       E      F
               +-------+-------+-------+-------+-------+----------------------
         Total | 100.0 | 100.0 |   N/A |   N/A | 100.0 |  16.5
       Dungeon | 100.0 | 100.0 |   N/A |   N/A | 100.0 |  16.5
               +-------+-------+-------+-------+-------+----------------------
